AoeStats
← kirigi_sama

Arabia

509961253Analyzed
1v1 RM · 3d ago on Sep 28, 2026· 70m 43s· 2 players
Game mode
Random Map
Map size
Tiny (2 player)
Population
200
Speed
Normal
Resources
Standard
Victory
Conquest
Starting age
Dark Age
Ending age
Imperial Age
RankedLock teamsTeams togetherTeam positionsShared explorationLock speedFull tech treeHidden civsTurbo modeCheats
Victory
Defeat
🇨🇦 Teutons · Canada
587
+18
🇸🇬 Japanese · Singapore
640
-18
Zen-Like
0:29 Loom
13:35 Feudal Age
13:59 Horse Collar
14:08 Double-Bit Axe
24:37 Castle Age
23:11 Bloodlines
26:18 Squires
25:38 Pikeman
27:10 Bow Saw
28:35 Wheelbarrow
29:33 Hand Cart
36:00 Ballistics
35:31 Guard Tower
35:52 Masonry
39:45 Imperial Age
41:36 Chemistry
41:11 Keep
41:39 Two-Man Saw
40:42 Heavy Plow
41:06 Conscription
40:24 Cavalier
41:48 Scale Barding Armor
41:43 Scale Mail Armor
41:54 Forging
44:32 Hoardings
45:12 Crenellations
46:25 Elite Teutonic Knight
46:30 Halberdier
50:09 Chain Barding Armor
50:05 Chain Mail Armor
50:26 Iron Casting
50:24 Crop Rotation
63:21 Paladin
69:12 Plate Barding Armor
69:08 Plate Mail Armor
69:38 Blast Furnace
kirigi_sama
4:09 Loom
9:27 Feudal Age
11:08 Double-Bit Axe
13:54 Town Watch
16:41 Horse Collar
18:27 Bloodlines
20:26 Gold Mining
22:58 Castle Age
21:59 Fletching
22:10 Padded Archer Armor
24:17 Bodkin Arrow
25:05 Gold Shaft Mining
25:58 Wheelbarrow
26:01 Bow Saw
26:09 Town Patrol
26:52 Wheelbarrow
28:55 Ballistics
29:35 Husbandry
32:03 Thumb Ring
34:27 Hand Cart
36:48 Imperial Age
34:23 Town Patrol
34:19 Stone Mining
37:38 Heavy Cavalry Archer
38:43 Parthian Tactics
38:44 Forging
38:35 Scale Mail Armor
40:32 Two-Man Saw
39:34 Heavy Plow
40:09 Leather Archer Armor
42:29 Pikeman
43:09 Squires
42:58 Arson
43:49 Elite Samurai
46:25 Chemistry
45:56 Elite Samurai
47:42 Halberdier
54:14 Man-at-Arms
54:43 Gambesons
55:27 Long Swordsman
56:47 Kataparuto
58:21 Two-Handed Swordsman
60:44 Iron Casting
60:25 Chain Mail Armor
60:11 Bracer
61:17 Champion
Connection lost

Rejoining the realm…

Still unreachable

The connection could not be restored.

Session expired

The server has moved on; the page needs a fresh start.